AoeStats
← Sophie[PrettyCool]

Arena

505378797Analyzed
1v1 RM · 24d ago on Sep 9, 2026· 37m 39s· 2 players
Game mode
Random Map
Map size
Tiny (2 player)
Population
200
Speed
Normal
Resources
Standard
Victory
Conquest
Starting age
Dark Age
Ending age
Imperial Age
RankedLock teamsTeams togetherTeam positionsShared explorationLock speedFull tech treeHidden civsTurbo modeCheats
Victory
Defeat
🇨🇱 Goths · Chile
759
+17
🇦🇺 Bohemians · Australia
779
-17
Uracky74
4:06 Loom
11:43 Feudal Age
16:27 Castle Age
14:37 Double-Bit Axe
14:46 Horse Collar
15:21 Stone Mining
17:45 Bow Saw
20:36 Anarchy
22:26 Wheelbarrow
21:55 Heavy Plow
22:05 Scale Mail Armor
22:33 Squires
26:01 Hand Cart
30:06 Stone Shaft Mining
29:28 Gold Mining
34:46 Imperial Age
33:17 Chain Mail Armor
33:13 Forging
35:50 Conscription
35:32 Perfusion
36:46 Chemistry
37:07 Two-Man Saw
Sophie[PrettyCool]
9:30 Loom
13:37 Feudal Age
15:06 Horse Collar
15:13 Double-Bit Axe
17:21 Wheelbarrow
18:57 Castle Age
21:38 Fervor
21:48 Sanctity
22:07 Hand Cart
25:38 Bow Saw
25:45 Heavy Plow
29:01 Chemistry
28:22 Ballistics
29:09 Scale Mail Armor
29:16 Padded Archer Armor
29:22 Town Watch
30:53 Masonry
30:30 Elite Skirmisher
32:08 Fletching
32:35 Pikeman
35:56 Imperial Age
34:20 Bodkin Arrow
34:42 Leather Archer Armor
35:20 Town Patrol
Connection lost

Rejoining the realm…

Still unreachable

The connection could not be restored.

Session expired

The server has moved on; the page needs a fresh start.